 Dungeon Crawl Stone Soup version 0.20-a0-1089-g3fde505 (console) character file.

107 nht the Slasher (level 4, -2/39 HPs)
             Began as a Hill Orc Wanderer on May 2, 2017.
             Slain by a phantom (6 damage)
             ... on level 3 of the Dungeon.
             The game lasted 00:03:21 (2676 turns).

nht the Slasher (Hill Orc Wanderer)                 Turns: 2676, Time: 00:03:22

Health: -2/39      AC:  2    Str: 15 (16) XL:     4   Next: 86%
Magic:  4/4        EV: 12    Int: 10 (11) God:
Gold:   106        SH:  0    Dex:  9 (10) Spells: 3/3 levels left

rFire    . . .     SeeInvis .   c - +0 falchion
rCold    . . .     Gourm    .   (no shield)
rNeg     . . .     Faith    .   e - +0 robe
rPois    .         Spirit   .   (no helmet)
rElec    .         Reflect  .   (no cloak)
rCorr    .         Harm     .   (no gloves)
MR       .....                  (no boots)
Stlth    +.........             (no amulet)
Regen    0.2/turn               (no ring)
MPRegen  0.1/turn               (no ring)

@: no status effects
A: no striking features
a: no special abilities


You were on level 3 of the Dungeon.
You were hungry.

You visited 1 branch of the dungeon, and saw 3 of its levels.

You collected 106 gold pieces.

Inventory:

Hand Weapons
 b - a +2 blowgun
 c - a +0 falchion (weapon)
Missiles
 a - 2 curare-tipped needles
 t - 8 poisoned needles
Armour
 e - a +0 robe (worn)
Scrolls
 i - a scroll of identify
 j - a scroll of recharging
 k - a scroll of blinking {unknown}
 l - a scroll of enchant weapon {unknown}
 m - a scroll of enchant armour {unknown}
 o - a scroll of remove curse {unknown}
 p - a scroll of immolation {unknown}
 q - a scroll of amnesia {unknown}
 r - a scroll of fog {unknown}
 s - a scroll of teleportation {unknown}
Comestibles
 f - 3 bread rations
 g - 4 fruits
 h - 2 meat rations
 n - 2 royal jellies


   Skills:
 - Level 3.6 Fighting
 + Level 4.9 Long Blades
 - Level 1.7 Throwing
 - Level 1.1 Armour
 - Level 1.5 Dodging
 - Level 1.0 Stealth


You had 3 spell levels left.
You didn't know any spells.

Dungeon Overview and Level Annotations

Branches:
Dungeon (3/15)

Altars:
Ashenzari
Uskayaw


Message History

The phantom is lightly damaged.
The phantom hits you!
* * * LOW HITPOINT WARNING * * *
The phantom blinks!
No target in view!
No target in view!
No target in view!
No target in view!
No target in view!
The phantom hits you.
* * * LOW HITPOINT WARNING * * *
The phantom blinks!
The phantom blinks!
There is a stone staircase leading up here.
You are too injured to fight recklessly!
You are too injured to fight recklessly!
You barely miss the phantom.
The phantom is lightly damaged.
The phantom hits you.
You die...

███.██......+.........█
█.....██.
█.██....███.........████..>....
█.██...............███.█....██.
█.██.....█████████.█≈._██...██.
██'███.<█.█ █.'...8█...██.
█...██.██.█ ██████≈._██...██.
█...'.....█ █....███.█.......
█...█████.██████.....██████████)
█...█ ..███....@W....... █.
█...█ █.█.█........█████ █.
█...█.█.█..........█ █.
██.██.█.█.█.........█ █.
█.██.....█.........█ █.
█.████.............█ ██
█.........█████...?█ ██████....█
█....█


██████ █..?.█ You could see a phantom.

Vanquished Creatures
  A worker ant (D:3)
  An adder (D:2)
  A worm (D:2)
  3 dart slugs
  A leopard gecko (D:3)
  3 orcs (D:3)
  3 giant cockroaches
  5 hobgoblins
  7 jackals
  3 quokkas (D:2)
  7 bats
  3 frilled lizards
  5 goblins
  8 kobolds
  7 rats
58 creatures vanquished.

Notes
Turn   | Place    | Note
-------+----------+-------------------------------------------
     0 | D:1      | nht the Hill Orc Wanderer began the quest for the Orb.
     0 | D:1      | nht set off with: 2 curare-tipped needles, a +2 blowgun, a +0 falchion, a potion of curing, a +0 robe, a bread ration
     0 | D:1      | Reached XP level 1. HP: 19/19 MP: 1/1
    45 | D:1      | Reached skill level 2 in Long Blades
   308 | D:1      | Reached XP level 2. HP: 26/26 MP: 2/2
   499 | D:1      | Reached skill level 3 in Long Blades
   516 | D:1      | Reached XP level 3. HP: 16/31 MP: 3/3
  1465 | D:2      | HP: 1/31 [adder (5)]
  1468 | D:2      | Reached skill level 4 in Long Blades
  1468 | D:2      | Reached XP level 4. HP: 11/39 MP: 4/4
  1898 | D:3      | Found a hide-covered altar of Uskayaw.
  1899 | D:3      | Found a shattered altar of Ashenzari.
  2330 | D:3      | Noticed a phantom
  2676 | D:3      | Slain by a phantom

Vault maps used:
D:1:      minmay_arrival_glassed_features
D:2:      first_bread
D:3:      gammafunk_temple_overflow_statue

Skill      XL: |  1  2  3 |
---------------+----------+-----
Long Blades    | 2 3 4 |  4.9
Fighting       | |  3.6
Throwing       | |  1.7
Armour         | |  1.1
Dodging        | |  1.5
Stealth        | |  1.0

Action                   |  1- 3 |  4- 6 || total
-------------------------+-------+-------++-------
Melee: Falchion          |   131 |    83 ||   214
  Use: Potion            |     4 |     1 ||     5
       Scroll            |       |     1 ||     1
 Stab: Sleeping          |     3 |     1 ||     4
  Eat: Chunk             |     2 |     3 ||     5
Armor: Robe              |    29 |    19 ||    48
Dodge: Dodged            |   122 |    49 ||   171
       Rpst.: Falchion   |    36 |    13 ||    49
